 Dungeon Crawl Stone Soup version 0.21.1-1-g345015fe64 (webtiles) character file.

377 londes the Vandal (level 7, -4/45 HPs)
             Began as a Halfling Hunter on Feb 24, 2018.
             Slain by Menkaure (22 damage)
             ... on level 4 of the Dungeon.
             The game lasted 00:42:33 (3214 turns).

londes the Vandal (Halfling Hunter)                 Turns: 3214, Time: 00:42:33

Health: -4/45      AC:  7    Str: 14    XL:     7   Next: 4%
Magic:  7/7        EV: 13    Int:  9    God:
Gold:   176        SH:  0    Dex: 18    Spells: 3/6 levels left

rFire    . . .     SeeInvis .   a - +2 hunting sling
rCold    . . .     Gourm    .   (shield restricted)
rNeg     . . .     Faith    .   y - +1 scale mail
rPois    .         Spirit   .   (no helmet)
rElec    .         Reflect  .   (no cloak)
rCorr    .         Harm     .   (no gloves)
MR       .....                  (no boots)
Stlth    +.........             (no amulet)
HPRegen  0.15/turn              j - +2 ring of dexterity
MPRegen  0.10/turn              (no ring)

@: no status effects
A: small, mutation resistance 1
a: no special abilities


You were on level 4 of the Dungeon.
You were not hungry.

You visited 1 branch of the dungeon, and saw 4 of its levels.

You collected 176 gold pieces.

Inventory:

Hand Weapons
 a - a +2 hunting sling (weapon)
 b - a +0 short sword
 p - a +0 dagger
 q - a +0 dagger
 t - a cursed -2 dagger
 w - a +0 dagger
Missiles
 d - 4 sling bullets (quivered)
 i - 50 stones
Armour
 c - a +0 leather armour
 g - a +2 hat
 u - a +0 robe
 x - a +0 shield
 y - a +1 scale mail (worn)
 A - a +0 scale mail
 D - a +0 helmet
 E - a +0 cloak
 F - a +0 ring mail
Jewellery
 j - a +2 ring of dexterity (left hand)
Scrolls
 n - a scroll of noise {unknown}
 o - 2 scrolls of fog
 v - a scroll of enchant armour
 B - a scroll of teleportation
 C - a scroll of identify
Potions
 e - 2 potions of brilliance
 h - a potion of flight {unknown}
 k - a potion of degeneration {unknown}
 l - a potion of haste {unknown}
 m - a potion of mutation
 r - 2 potions of agility {unknown}
 z - a potion of curing {unknown}
Books
 s - a book of Necromancy

   Spells                             Type                      Level
   a - Pain                           Necromancy                   1
   b - Animate Skeleton               Necromancy                   1
   c - Vampiric Draining              Necromancy                   3
   d - Regeneration                   Charms/Necromancy            3
   e - Animate Dead                   Necromancy                   4
   f - Borgnjor's Vile Clutch         Necromancy/Earth             5
Comestibles
 f - 5 rations


   Skills:
 + Level 2.5 Fighting
 + Level 2.1 Short Blades
 * Level 7.2(7.3) Slings
 + Level 0.2(3.0) Throwing
 * Level 2.1 Armour
 * Level 3.9 Dodging
 * Level 4.0 Stealth
 + Level 0.2 Spellcasting


You had 3 spell levels left.
You knew the following spells:

 Your Spells              Type           Power        Failure   Level  Hunger
a - Regeneration          Chrm/Necr      #.........   99%         3    ####...


Dungeon Overview and Level Annotations

Branches:
Dungeon (4/15)
 Temple: D:4-7

Altars:
Gozag
Okawaru
Sif Muna
Trog
Wu Jian
Xom

Annotations:
D:4 Menkaure


Innate Abilities, Weirdness & Mutations

You are small and have problems with some larger weapons.
You are somewhat resistant to further mutation.


Message History

Menkaure is heavily damaged.
Menkaure gestures at you while chanting.
Pain shoots through your body!
An orc comes into view. It is wielding a hand axe.
Firing (i - inventory. (,) - cycle):
d - 6 sling bullets (quivered)
Press: ? - help, Shift-Dir - straight line, f/p - Menkaure
Aim: Menkaure (heavily damaged, fast)
You shoot a sling bullet.
The sling bullet barely misses Menkaure.
Menkaure calls on the powers of darkness!
Your body is wracked with pain!
The orc convulses! x2; The orc misses you.
An orc comes into view. It is wielding a whip.
The orc shouts!
Firing (i - inventory. (,) - cycle):
d - 5 sling bullets (quivered)
Press: ? - help, Shift-Dir - straight line, f/p - Menkaure
Aim: Menkaure (heavily damaged, fast)
You shoot a sling bullet.
The sling bullet barely misses Menkaure.
Menkaure hits you!!
You die...

#....#._.#.#....#....
#(....#.#..#....+....
#......#...#....##'##
#....................
#....................
#....................
#....................
.o.#..o..............[..
..(o((M@................
.(..######....#####.....
(. #....# #..... #....#
#..... #....# #.....
#....# #..... #....#
#..... #..... ######


You could see Menkaure and 3 orcs.

Vanquished Creatures
  The ghost of Ykky the Skirmisher, an amateur DsMo (D:3)
  Blork the orc (D:4)
  5 adders
  A worm (D:3)
  A dart slug (D:1)
  A leopard gecko (D:2)
  2 orcs
  2 ball pythons
  2 giant cockroaches
  4 goblins
  3 hobgoblins
  2 jackals (D:3)
  A quokka (D:3)
  A ball python skeleton (D:4)
  7 bats
  6 frilled lizards
  10 kobolds
  8 rats
58 creatures vanquished.

Notes
Turn   | Place    | Note
-------+----------+-------------------------------------------
     0 | D:1      | londes the Halfling Hunter began the quest for the Orb.
     0 | D:1      | Reached XP level 1. HP: 14/14 MP: 1/1
   153 | D:1      | Reached XP level 2. HP: 19/19 MP: 2/2
   201 | D:1      | Reached skill level 6 in Slings
   622 | D:1      | Reached XP level 3. HP: 24/24 MP: 3/3
   837 | D:2      | Found a bloodstained altar of Trog.
   837 | D:2      | Found an ornate altar of the Wu Jian Council.
   837 | D:2      | Found a shimmering altar of Xom.
   837 | D:2      | Found a deep blue altar of Sif Muna.
  1464 | D:3      | Reached skill level 1 in Armour
  1464 | D:3      | Reached XP level 4. HP: 10/29 MP: 4/4
  1687 | D:3      | Found an opulent altar of Gozag.
  2056 | D:3      | Reached skill level 1 in Short Blades
  2268 | D:3      | Noticed Ykky's ghost (amateur DsMo)
  2624 | D:3      | Killed Ykky's ghost
  2624 | D:3      | Reached skill level 7 in Slings
  2624 | D:3      | Reached XP level 5. HP: 30/35 MP: 5/5
  2624 | D:3      | Reached XP level 6. HP: 35/41 MP: 6/6
  2806 | D:3      | Learned a level 3 spell: Regeneration
  2842 | D:4      | Noticed Blork the orc
  2851 | D:4      | Killed Blork the orc
  2851 | D:4      | Reached XP level 7. HP: 45/45 MP: 7/7
  2984 | D:4      | Found an iron altar of Okawaru.
  3204 | D:4      | Noticed Menkaure
  3214 | D:4      | Slain by Menkaure

Skill      XL: |  1  2  3  4  5  6 |
---------------+-------------------+-----
Slings         | 6 7 |  7.2
Stealth        | 2 3 4 |  4.0
Fighting       | 2 |  2.5
Armour         | 1 2 |  2.1
Short Blades   | 2 |  2.1
Dodging        | 3 |  3.9
Throwing       | |  0.2
Spellcasting   | |  0.2

Action                   |  1- 3 |  4- 6 |  7- 9 || total
-------------------------+-------+-------+-------++-------
 Fire: Hunting sling     |   101 |    97 |    15 ||   213
  Use: Scroll            |       |    11 |       ||    11
       Potion            |       |     2 |       ||     2
  Eat: Chunk             |     1 |     5 |     1 ||     7
Armor: Leather armour    |     3 |       |       ||     3
       Scale mail        |       |     6 |       ||     6
Dodge: Dodged            |    25 |    26 |     2 ||    53
